 Dungeon Crawl Stone Soup version 0.27-a0-909-g0721f309d1 (webtiles) character file.

Game seed: 4148265913166693761

36 lunkers the Magician (level 3, 0/27 HPs)
             Began as a Djinni Earth Elementalist on Apr 8, 2021.
             Killed by miscasting Stone Arrow (8 damage)
             ... on level 1 of the Dungeon.
             The game lasted 00:00:56 (1023 turns).

lunkers the Magician (Djinni Earth Elementalist)    Turns: 1023, Time: 00:00:57

Health: 0/27       AC:  2    Str:  7    XL:     3   Next: 37%
Gold:   8          EV: 12    Int: 17    God:
                   SH:  0    Dex: 13

rFire    + + .     SeeInvis .   (no weapon)
rCold    x . .     Faith    .   (no shield)
rNeg     . . .     Spirit   .   c - +0 robe
rPois    ∞         Reflect  .   (no helmet)
rElec    .         Harm     .   (no cloak)
rCorr    .         Rampage  .   (no gloves)
Will     .....                  (boots unavailable)
Stlth    ++........             (no amulet)
HPRegen  0.09/turn              (no ring)
MPRegen  0.00/turn              (no ring)

@: flying, very slightly contaminated
A: fire resistance 2, cold vulnerability 1, float, innate caster, hp casting,
extra vitality 1
a: no special abilities


You were on level 1 of the Dungeon.
You visited 1 branch of the dungeon, and saw 1 of its levels.

You collected 8 gold pieces.

Inventory:

Missiles
 d - 2 throwing nets
 f - 2 atropa-tipped darts
Armour
 c - a +0 robe (worn)
Jewellery
 g - a +6 ring of dexterity
Scrolls
 a - a scroll of summoning {unknown}
 b - a scroll of brand weapon {unknown}
 e - 2 scrolls of noise {unknown}
 h - a scroll of identify {unknown}


   Skills:
 + Level 1.4 Fighting
 - Level 2.1 Dodging
 - Level 1.5 Stealth
 * Level 3.4 Spellcasting


You couldn't memorise any spells.
You knew the following spells:

 Your Spells              Type           Power      Damage    Failure   Level
a - Stone Arrow           Conj/Erth      28%        3d8       12%         3
b - Passwall              Tmut/Erth      11%        N/A       6%          2
c - Sandblast             Erth           28%        2d8       4%          1
d - Petrify               Tmut/Erth      14%        N/A       36%         4
e - Lee's Rapid Deconstr  Erth           7%         3d7*      73%         5
f - Freeze                Ice            56%        1d7       4%          1
Your spell library was empty.

Dungeon Overview and Level Annotations

Branches:
Dungeon (1/15)

Altars:

Shops:
D:1 [*?


Innate Abilities, Weirdness & Mutations

You are immune to poison.
Your flesh is very heat resistant. (rF++)
You are vulnerable to cold. (rC-)
You float through the air rather than walking.
You learn spells naturally, not from books.
Your magical power is your life essence.
You have superior vitality. (+4 HP)


Message History

The spell is quite dangerous to cast (12% risk of failure)!
Continue anyway? [Y]es or [N]o only, please.
The spell is quite dangerous to cast (12% risk of failure)!
Continue anyway? [Y]es or [N]o only, please.
The spell is quite dangerous to cast (12% risk of failure)!
Continue anyway? [Y]es or [N]o only, please.
The spell is quite dangerous to cast (12% risk of failure)!
Continue anyway? [Y]es or [N]o only, please.
The spell is quite dangerous to cast (12% risk of failure)!
Continue anyway? [Y]es or [N]o only, please.
The spell is quite dangerous to cast (12% risk of failure)!
Continue anyway? [Y]es or [N]o only, please.
The spell is quite dangerous to cast (12% risk of failure)!
Continue anyway? [Y]es or [N]o only, please.
The spell is quite dangerous to cast (12% risk of failure)!
Continue anyway? [Y]es or [N]o only, please.
The spell is quite dangerous to cast (12% risk of failure)!
Continue anyway?
You miscast Stone Arrow.
You are very lightly contaminated with residual magic.
A wave of violent energy washes through your body!
* * * LOW HITPOINT WARNING * * *
* * * LOW HITPOINT WARNING * * *
The jackal barks!
Casting: Stone Arrow (quite dangerous; 12% risk of failure)
Confirm with . or Enter, or press ? or * to list all spells.
The spell is quite dangerous to cast (12% risk of failure)!
Continue anyway?
Aiming: Stone Arrow (quite dangerous; 12% risk of failure)
Press: ? - help, Shift-Dir - straight line, f/p - jackal
Aim: a jackal (40% to evade)
The stone arrow misses the jackal.
* * * LOW HITPOINT WARNING * * *
Unknown command.
Casting: Stone Arrow (quite dangerous; 12% risk of failure)
Confirm with . or Enter, or press ? or * to list all spells.
The spell is quite dangerous to cast (12% risk of failure)!
Continue anyway?
Aiming: Stone Arrow (quite dangerous; 12% risk of failure)
Press: ? - help, Shift-Dir - straight line, f/p - jackal
Aim: a jackal (40% to evade)
You miscast Stone Arrow.
You are blasted with magical energy!
You die...

##...## #.# ... .....
#.# #.## ... #.# #
#h##.#.# ####.# #.
#.##.#.######..... #.
#h##..#...........
#..#.####.######.##..
#..#h.........##.##..
#...@.........##.##..
####!.######.........
#..# #.###.#### ....#
#.# #.# # .###.# #.#
#.# # # #.# #.# #.# #
..# ##.# #.# # ..#
#... ..#### .# ###..#
####..


You could see 3 jackals.

Vanquished Creatures
  A dart slug (D:1)
  6 ball pythons (D:1)
  3 bats (D:1)
  2 endoplasms (D:1)
  3 giant cockroaches (D:1)
  2 goblins (D:1)
  5 hobgoblins (D:1)
  3 jackals (D:1)
  3 frilled lizards (D:1)
  A rat (D:1)
29 creatures vanquished.

Notes
Turn   | Place    | Note
-------+----------+-------------------------------------------
     0 | D:1      | lunkers the Djinni Earth Elementalist began the quest for
                  | the Orb.
     0 | D:1      | Reached XP level 1. HP: 15/15 MP: 0/0
    20 | D:1      | Found Guvaz's Antique Armour Shop.
   100 | D:1      | Reached skill level 3 in Spellcasting
   100 | D:1      | Reached XP level 2. HP: 20/22 MP: 0/0
   256 | D:1      | Reached skill level 1 in Fighting
   435 | D:1      | Reached XP level 3. HP: 20/27 MP: 0/0
   435 | D:1      | Learned a level 1 spell: Freeze
   768 | D:1      | Found Voaclevu's Assorted Antiques.
   806 | D:1      | Found Iheogh's Magic Scroll Shoppe.
  1023 | D:1      | Killed by miscasting Stone Arrow

Illustrated notes

Levels and vault maps discovered:
D:1:      dpeg_arrival_rooms_a, layout_loops_ring, serial_shops, shop_scrolls,
          shop, nicolae_shop_overgrown_old_shop, minmay_pentomino_z4

Skill      XL: |  1  2 |
---------------+-------+-----
Spellcasting   | 3 |  3.4
Fighting       | 1 |  1.4
Dodging        | |  2.1
Stealth        | |  1.5

Action                   || total
-------------------------++-------
 Cast: Sandblast         ||    30
       Stone Arrow       ||     9
Armor: Robe              ||     3
Dodge: Dodged            ||     1

Table legend: (Time is in decaauts)
 A = Elapsed time spent in this place.
 B = Non-inter-level travel time spent in this place.
 C = Inter-level travel time spent in this place.
 D = Time resting spent in this place.
 E = Time spent auto-exploring this place.
 F = Levels seen in this place.
 G = Mean time per level.
                   A        B        C        D        E       F      G
               +--------+--------+--------+--------+--------+-----+--------+
         Total |   1023 |   1023 |      0 |      0 |    916 |   1 | 1023.0 |
       Dungeon |   1023 |   1023 |      0 |      0 |    916 |   1 | 1023.0 |
               +--------+--------+--------+--------+--------+-----+--------+

Top non-repeatable levels by time:
     D:1: 1023 daAuts
